 Dungeon Crawl Stone Soup version 0.30.0-20-g3615ddf2f0 (webtiles) character file.

Game seed: 14185078086084026770

205 qw the Chopper (level 5, -15/32 HPs)
             Began as a Gargoyle Fighter on May 27, 2023.
             Demolished by an ogre
             ... wielding a +0 giant club
              (31 damage)
             ... on level 4 of the Dungeon.
             The game lasted 00:01:12 (2752 turns).

qw the Chopper (Gargoyle Fighter)                   Turns: 2752, Time: 00:01:12

Health: -15/32     AC: 10    Str: 21    XL:     5   Next: 83%
Magic:  5/5        EV: 10    Int:  9    God:
Gold:   215        SH:  4    Dex:  9    Spells: 4/4 levels left

rFire   . . .        Y - +0 war axe
rCold   . . .        c - +0 buckler
rNeg    + . .        g - +0 acid dragon scales
rPois   inf          (no helmet)
rElec   +            (no cloak)
rCorr   +            (no gloves)
SInv    .            (no boots)
Will    .....        (no amulet)
Stlth   +            (no ring)
HPRegen 0.25/turn    (no ring)
MPRegen 0.09/turn

%: no passive effects
@: no status effects
A: sickness immunity, AC +4, negative energy resistance 1, electricity
resistance, torment resistance 1, petrification resistance
a: no special abilities


You were on level 4 of the Dungeon.
You visited 1 branch of the dungeon, and saw 4 of its levels.

You collected 215 gold pieces.


Innate Abilities, Weirdness & Mutations

You are immune to sickness and miasma.
Your stone body is resilient. (AC +4)
You are immune to poison.
You resist negative energy. (rN+)
You are resistant to electric shocks. (rElec)
You are resistant to unholy torment.
You are immune to petrification.


   Skills:
 - Level 3.2 Fighting
 - Level 5.3 Axes
 - Level 3.2 Armour
 + Level 0.0 Dodging
 - Level 3.2 Shields


You had 4 spell levels left.
You didn't know any spells.
Your spell library was empty.

Inventory:

Hand Weapons
 a - a +1 morningstar of venom
 Y - a +0 war axe (weapon)
Missiles
 l - 5 boomerangs (quivered)
Armour
 b - a +0 pair of gloves
 c - a +0 buckler (worn)
 g - +0 acid dragon scales (worn)
Scrolls
 h - a scroll of enchant weapon {unknown}
 m - a scroll of teleportation
 o - a scroll of poison {unknown}
 p - a scroll of fear {unknown}
Potions
 d - a potion of might
 e - 5 potions of curing
 f - a potion of attraction {unknown}
 i - a potion of haste {unknown}
 j - a potion of lignification {unknown}
 k - a potion of resistance
 n - 2 potions of degeneration {unknown}

Dungeon Overview and Level Annotations

Branches:
Dungeon (4/15)             Temple (0/1) D:4

Altars:
Dithmenos
Fedhas
Qazlal


Message History

p - a scroll labelled LODOIC LOGREUN
Enter note:
Enter note:
Enter note:
Enter note:
Enter note:
Enter note: You hear the brisk rusting of a drain nearby.
Found a scale mail.
Enter note:
Enter note:
Enter note:
Enter note:
Enter note:
Enter note: You see here a +0 scale mail.
An ogre comes into view. It is wielding a +0 giant club.
Enter note:
Enter note:
Enter note:
Enter note:
Enter note:
Enter note: You throw a boomerang.
The boomerang hits the ogre.
The ogre is lightly wounded.
You throw a boomerang. The boomerang barely misses the ogre.
You throw a boomerang. The boomerang hits the ogre.
The ogre is lightly wounded.
You hit the ogre.
The ogre is moderately wounded.
The ogre barely misses you.
You slash the ogre!
The ogre is heavily wounded.
The ogre hits you with a +0 giant club!
Ouch! That really hurt!
You hit the ogre.
The ogre is severely wounded.
The ogre hits you with a +0 giant club!!
Ouch! That really hurt!
You die...

#.....# #
#.##### # #.# .
#.# #
#######.####
..........[#
##########.#
#.#############
#......@O......
###############


You could see an ogre.

Vanquished Creatures
  A scorpion (D:4)
  2 iguanas
  3 adders
  2 worms (D:2)
  2 dart slugs
  2 orcs
  3 ball pythons
  3 bats
  3 endoplasms
  4 giant cockroaches
  7 goblins
  5 hobgoblins
  4 quokkas
  4 frilled lizards
  6 kobolds
  8 rats
59 creatures vanquished.

Notes
Turn   | Place    | Note
-------+----------+-------------------------------------------
     0 | D:1      | qw the Gargoyle Fighter began the quest for the Orb.
     0 | D:1      | Reached XP level 1. HP: 14/14 MP: 1/1
     0 | D:1      | 0 ||| qw: Version: 0.2-a-99-gce666ed
     0 | D:1      | 0 ||| qw: Game counter: 116
     0 | D:1      | 0 ||| qw: Always use a shield: true
     0 | D:1      | 0 ||| qw: God list: Okawaru
     0 | D:1      | 0 ||| qw: Allow faded altars: false
     0 | D:1      | 0 ||| qw: Do Orc after D:15 true
     0 | D:1      | 0 ||| qw: Do second Lair branch before Depths: true
     0 | D:1      | 0 ||| qw: Lair rune preference: random
     0 | D:1      | 0 ||| qw: Plans: Normal, Zot:1-4, God:TSO, Crypt, Tomb,
                  | Pan, Slime:5, Hells, Abyss, Win
     0 | D:1      | 0 ||| PLANNING D:1-11
    42 | D:1      | 42 ||| Stepping ~*~*~tactically~*~*~ (stealth).
    43 | D:1      | 43 ||| Stepping ~*~*~tactically~*~*~ (stealth).
    53 | D:1      | Reached skill level 2 in Axes
   150 | D:1      | Reached XP level 2. HP: 18/19 MP: 2/2
   760 | D:1      | 760 ||| DROPPING +0 mace.
   761 | D:1      | 761 ||| UPGRADING to +0 acid dragon scales.
   771 | D:1      | 771 ||| DROPPING +0 scale mail.
   772 | D:1      | 772 ||| READING scroll labelled ERUUST NAT QYTAP.
   773 | D:1      | 773 ||| READING scroll labelled HOPTUOTALE.
   830 | D:2      | Reached skill level 3 in Axes
   905 | D:2      | Reached XP level 3. HP: 23/23 MP: 3/3
   905 | D:2      | 905 ||| Stepping ~*~*~tactically~*~*~ (stealth).
   906 | D:2      | 906 ||| Stepping ~*~*~tactically~*~*~ (stealth).
   977 | D:2      | 977 ||| DROPPING +0 flail.
  1079 | D:2      | Found a stormy altar of Qazlal.
  1487 | D:2      | 1487 ||| READING scroll labelled NEGOAD UKKUXI.
  1488 | D:2      | 1488 ||| DRINKING 4 pink potions.
  1500 | D:3      | Found a blossoming altar of Fedhas.
  1613 | D:3      | 1613 ||| FLEEEEING.
  1614 | D:3      | 1614 ||| FLEEEEING.
  1615 | D:3      | 1615 ||| FLEEEEING.
  1616 | D:3      | 1616 ||| FLEEEEING.
  1617 | D:3      | 1617 ||| FLEEEEING.
  1618 | D:3      | 1618 ||| FLEEEEING.
  1666 | D:3      | Found a shadowy altar of Dithmenos.
  1851 | D:3      | Reached skill level 4 in Axes
  1851 | D:3      | Reached XP level 4. HP: 25/28 MP: 4/4
  2258 | D:3      | 2258 ||| READING scroll labelled XAQIERIMMI.
  2259 | D:3      | 2259 ||| DRINKING 2 fuming white potions.
  2260 | D:3      | 2260 ||| DRINKING 2 murky green potions.
  2261 | D:3      | 2261 ||| DROPPING potion of magic.
  2287 | D:4      | 2287 ||| PLANNING SEWER
  2300 | D:4      | 2300 ||| Stepping ~*~*~tactically~*~*~ (stealth).
  2301 | D:4      | 2301 ||| Stepping ~*~*~tactically~*~*~ (stealth).
  2333 | D:4      | 2333 ||| Stepping ~*~*~tactically~*~*~ (hiding).
  2334 | D:4      | 2334 ||| Stepping ~*~*~tactically~*~*~ (hiding).
  2391 | D:4      | Found a staircase to the Ecumenical Temple.
  2464 | D:4      | Reached XP level 5. HP: 21/32 MP: 5/5
  2585 | D:4      | Reached skill level 5 in Axes
  2745 | D:4      | Noticed an ogre
  2752 | D:4      | Demolished by an ogre

Levels and vault maps discovered:
D:1:      dpeg_arrival_three_same_balls, layout_basic, serial_forest,
          infiniplex_forest_lined_2, infiniplex_forest_clump_medium,
          infiniplex_forest_end_2, infiniplex_forest_clump_double,
          infiniplex_forest_clump_diagonal
D:2:      layout_loops_ring, basic_altar
D:3:      layout_basic, general_overflow_altar, amcnicky_altar_gilded,
          minmay_pentangle
D:4:      layout_loops_ring, minmay_temple_entry_hall,
          cheibrodos_sewer_entry_bend, uniq_crazy_yiuf_cottage

Skill      XL: |  1  2  3  4  5 |
---------------+----------------+-----
Axes           | 2 3 4 5 |  5.3
Fighting       | |  3.2
Armour         | |  3.2
Shields        | |  3.2

Action                     |  1- 3 |  4- 6 || total
---------------------------+-------+-------++-------
  Melee: War axe           |   115 |    62 ||   177
  Throw: Boomerang         |    28 |    24 ||    52
    Use: Scroll            |     3 |     1 ||     4
         Potion            |     1 |     2 ||     3
 Armour: Scale mail        |    32 |       ||    32
         Acid dragon scale |    19 |    34 ||    53
  Dodge: Dodged            |    43 |    26 ||    69
  Block: Buckler           |    23 |    11 ||    34

Table legend:
 A = Non-vault XP
 B = Vault XP
 C = Vault XP percentage of total XP
 D = Non-vault monster count
 E = Vault monster count
 F = Vault count percentage of total count
                 A         B        C        D         E       F
            +---------+---------+-------+---------+---------+-------
      Total |     271 |      22 |   7.5 |      52 |       7 |  11.9
            +---------+---------+-------+---------+---------+-------
        D:1 |      29 |       0 |   0.0 |      17 |       0 |   0.0
        D:2 |      25 |       0 |   0.0 |      12 |       0 |   0.0
        D:3 |      71 |      22 |  23.7 |      12 |       7 |  36.8
        D:4 |     146 |       0 |   0.0 |      11 |       0 |   0.0
            +---------+---------+-------+---------+---------+-------
